 Dungeon Crawl Stone Soup version 0.19.1 (webtiles) character file.

3563 Peloso the Carver (level 9, -12/82 HPs)
             Began as a Deep Dwarf Fighter on Dec 14, 2016.
             Was a Follower of Elyvilon.
             Killed from afar by a rakshasa (illusionary) (24 damage)
             ... with an orb of energy
             ... on level 8 of the Dungeon.
             The game lasted 00:29:34 (6912 turns).

Peloso the Carver (Deep Dwarf Fighter)              Turns: 6912, Time: 00:29:35

Health: -12/82     AC: 21    Str: 24    XL:     9   Next: 83%
Magic:  10/10      EV:  4    Int: 15    God:    Elyvilon [*.....]
Gold:   390        SH: 11    Dex: 12    Spells: 0 memorised, 8 levels left

rFire  . . .     SeeInvis .     a - +0 long sword
rCold  . . .     Gourm    +     z - +0 crystal plate armour
rNeg   . . .     Faith    .     c - +0 shield
rPois  .         Spirit   .     i - +0 helmet
rElec  .         Reflect  .     (no cloak)
rCorr  .         Harm     .     g - +0 pair of gloves
MR     +....                    (no boots)
Stlth  ..........               G - amulet of the gourmand
                                B - +2 ring of strength
                                p - ring of loudness (curse)

@: brilliant, non-regenerating
A: damage resistance, recharge devices, sense surroundings 2, slow regeneration
3
a: Device Recharging, Lesser Healing, Divine Protection, Renounce Religion


You were on level 8 of the Dungeon.
You worshipped Elyvilon.
Elyvilon was aware of your devotion.
You were not hungry.

You visited 2 branches of the dungeon, and saw 9 of its levels.

You collected 487 gold pieces.
You spent 97 gold pieces at shops.

Inventory:

Hand Weapons
 a - a +0 long sword (weapon)
 w - a +4 short sword of flaming
Armour
 c - a +0 shield (worn)
 g - a +0 pair of gloves (worn)
 i - a +0 helmet (worn)
 z - a +0 crystal plate armour (worn)
Jewellery
 p - a cursed ring of loudness (left hand)
 B - a +2 ring of strength (right hand)
 G - an amulet of the gourmand (around neck)
Wands
 e - a wand of heal wounds (0/9)
 k - a wand of digging (11/24)
 r - a wand of slowing (25/48)
 v - a wand of flame (17/48)
 x - a wand of acid (0/15)
 y - a wand of disintegration (6/24)
 A - a wand of lightning (5/15)
Scrolls
 t - 2 scrolls of remove curse
 u - 5 scrolls of teleportation
Potions
 j - 6 potions of curing
 l - a potion of heal wounds
 m - a potion of resistance
 o - 4 potions of brilliance
 q - 3 potions of flight
 C - a potion of cure mutation
 F - a potion of ambrosia
Books
 d - a book of Necromancy

   Spells                             Type                      Level
   a - Pain                           Necromancy                   1
   b - Animate Skeleton               Necromancy                   1
   c - Vampiric Draining              Necromancy                   3
   d - Regeneration                   Charms/Necromancy            3
   e - Animate Dead                   Necromancy                   4
   f - Control Undead                 Necromancy                   4
   Elyvilon disapproves of the use of such an item.
 n - a book of Changes

   Spells                             Type                      Level
   a - Beastly Appendage              Transmutation                1
   b - Sticks to Snakes               Transmutation                2
   c - Spider Form                    Transmutation/Poison         3
   d - Ice Form                       Ice/Transmutation            4
   e - Blade Hands                    Transmutation                5
 s - a book of Cantrips

   Spells                             Type                      Level
   a - Confusing Touch                Hexes                        1
   b - Animate Skeleton               Necromancy                   1
   c - Summon Small Mammal            Summoning                    1
   d - Apportation                    Translocation                1
Comestibles
 b - a slice of pizza
 f - 9 bread rations
 h - 5 meat rations


   Skills:
 + Level 6.0 Fighting
 + Level 8.9 Long Blades
 + Level 6.9 Armour
 + Level 2.0 Dodging
 + Level 0.3 Stealth
 + Level 8.4 Shields
 + Level 2.1 Invocations
 + Level 1.3 Evocations


You had 8 spell levels left.
You didn't know any spells.

Dungeon Overview and Level Annotations

Branches:
Dungeon (8/15)             Temple (1/1) D:5
   Lair: D:8-11

Altars:
Ashenzari
Cheibriados
Dithmenos
Elyvilon
Fedhas
Gozag
Hepliaklqana
Kikubaaqudgha
Nemelex Xobeh
Okawaru
Qazlal
Ru
Sif Muna
Trog
Uskayaw
Vehumet
Xom
Yredelemnul
Zin
The Shining One

Shops:
D:4 [   D:5 (   D:6 *   D:8 =


Innate Abilities, Weirdness & Mutations

You are resistant to damage.
You can recharge devices by infusing magical energy.
You passively map the area around you.
You do not regenerate.


Message History

You block the phantom's attack.
The rakshasa hits you but does no damage.
You closely miss the rakshasa.
The rakshasa is moderately wounded.
The phantom hits you but does no damage.
You block the rakshasa's attack.
You hit the rakshasa but do no damage.
The rakshasa is moderately wounded.
The phantom blinks! x2; The rakshasa blinks!
You block the rakshasa's attack.
You hit the rakshasa.
The rakshasa is heavily wounded.
The rakshasa gestures at you. The orb of energy hits you!
* * * LOW HITPOINT WARNING * * *
You closely miss the rakshasa.
The rakshasa is heavily wounded.
The phantom blinks!
The rakshasa gestures at you. The orb of energy hits you!
You die...

*,,,,,,* #.# #.......###......
*,,,,,,* #.# #.......#.#>.....
*,,,,,,* #.# #.......#.#.#####
*,,,,,,* #.# #.......#.#......
*,,,,,,* #.# #########.#.[....
*,,_,,,**#.####### #(#......
********,........# #.#.#####
**********,****#.# #.[......
,,,,,,,,,,,,* #@# #....####
*********##.####R###### #........
,,,,,,,,,.......RW....###.....#.#
,,,,,,,,,....####WR...........#,#
*****,,**#.,,* #ยง..........#.#.#
,,,,,,,,,,,,,* #...........#.#.#
*,,,,,,,*,,,,* #####.......#.#.#
*,,,,,,,*,,,,*******#######.#.#.#
**,,,,,**,,,,,,,,,,,,,,,..#.#.#.#


You could see 3 rakshasas and 2 phantoms.

Vanquished Creatures
  Pikel (D:7)
  Grinder (D:3)
  A spriggan (D:7)
  Sigmund (D:3)
  A wyvern (D:8)
  A sky beast (D:8)
  3 black bears
  An orc warrior (D:8)
  A phantom (D:8)
  2 centaurs (D:6)
  An ogre (D:4)
  A bullfrog (D:6)
  5 scorpions
  5 killer bees (D:8)
  A howler monkey (D:5)
  2 bullfrog zombies
  A centaur zombie (D:8)
  3 crimson imps
  A hound (D:7)
  A centaur skeleton (D:6)
  4 orc priests
  A jelly (D:6)
  9 orc wizards
  A gnoll shaman (D:6)
  3 iguanas
  6 worker ants
  2 hound zombies
  A hound skeleton (D:8)
  3 gnolls (D:6)
  4 adders
  An ooze (D:3)
  3 adder zombies (D:5)
  2 worms
  2 dart slugs
  4 leopard geckos
  24 orcs
  10 giant cockroaches
  2 goblins
  11 hobgoblins
  6 jackals
  5 kobolds (D:1)
  4 quokkas
  A ball python skeleton (D:4)
  5 bats
  2 frilled lizards
  3 quokka zombies (D:7)
  7 rats
  A plant (D:1)
161 creatures vanquished.

Vanquished Creatures (others)
  A hound (D:8)
  A giant cockroach (D:7)
2 creatures vanquished.

Grand Total: 163 creatures vanquished

Notes
Turn   | Place    | Note
-------+----------+-------------------------------------------
     0 | D:1      | Peloso the Deep Dwarf Fighter began the quest for the Orb.
     0 | D:1      | Reached XP level 1. HP: 20/20 MP: 1/1
   191 | D:1      | Reached XP level 2. HP: 22/27 MP: 2/2
  1321 | D:3      | Reached XP level 3. HP: 20/33 MP: 3/3
  1393 | D:2      | Reached XP level 4. HP: 27/42 MP: 4/4
  1476 | D:3      | Noticed Grinder
  1482 | D:3      | Reached XP level 5. HP: 26/49 MP: 5/5
  1489 | D:3      | Paralysed by Grinder for 4 turns
  1498 | D:3      | Killed Grinder
  1498 | D:3      | Reached skill level 1 in Dodging
  1498 | D:3      | Reached XP level 6. HP: 10/56 MP: 6/6
  1511 | D:3      | Noticed Sigmund
  1759 | D:3      | Killed Sigmund
  1759 | D:3      | Reached skill level 5 in Long Blades
  1759 | D:3      | Reached skill level 5 in Shields
  1759 | D:3      | Reached XP level 7. HP: 33/63 MP: 7/7
  1886 | D:3      | Found a deep blue altar of Sif Muna.
  2152 | D:3      | Found a glowing golden altar of the Shining One.
  2252 | D:3      | Found a blossoming altar of Fedhas.
  2319 | D:3      | Found a shadowy altar of Dithmenos.
  2383 | D:4      | Found Kuorch's Armour Emporium.
  2719 | D:4      | Reached skill level 1 in Evocations
  3083 | D:5      | Entered Level 5 of the Dungeon
  3279 | D:5      | Found a staircase to the Ecumenical Temple.
  3293 | D:5      | Found Murche Ynuwys's Antique Weapon Shoppe.
  3313 | D:5      | Found a white marble altar of Elyvilon.
  3316 | Temple   | Entered the Ecumenical Temple
  3428 | D:5      | Became a worshipper of Elyvilon the Healer
  3621 | D:5      | Reached XP level 8. HP: 17/73 MP: 8/8
  3655 | D:5      | Reached skill level 5 in Armour
  4454 | D:6      | Reached * piety under Elyvilon
  4542 | D:6      | Found Zin's Purification Station.
  4545 | D:6      | Found a glowing silver altar of Zin.
  4897 | D:6      | Found a hide-covered altar of Uskayaw.
  5060 | D:6      | Reached skill level 5 in Fighting
  5464 | D:7      | Noticed Pikel
  5514 | D:7      | Killed Pikel
  5514 | D:7      | Gained mutation: You passively map the area around you. [Deep Dwarf growth]
  5514 | D:7      | Reached XP level 9. HP: 78/81 MP: 9/9
  5836 | D:7      | Reached ** piety under Elyvilon
  5889 | D:7      | Reached skill level 1 in Invocations
  6534 | D:8      | Found a basalt altar of Yredelemnul.
  6534 | D:8      | Found a shattered altar of Ashenzari.
  6546 | D:8      | Found a white marble altar of Elyvilon.
  6546 | D:8      | Found a sparkling altar of Nemelex Xobeh.
  6614 | D:8      | Noticed a rakshasa
  6643 | D:8      | HP: 4/82 [rakshasa/whip (5)]
  6728 | D:8      | Found Itirph's Jewellery Boutique.
  6737 | D:8      | Bought a +2 ring of strength for 97 gold pieces
  6912 | D:8      | Killed from afar by a rakshasa (illusionary)

Skill      XL: |  1  2  3  4  5  6  7  8  9 |
---------------+----------------------------+-----
Fighting       | 3 4 5 6 |  6.0
Long Blades    | 3 4 5 8 |  8.9
Armour         | 4 6 |  6.9
Shields        | 4 5 6 7 8 |  8.4
Dodging        | 1 2 |  2.0
Evocations     | 1 |  1.3
Invocations    | 2 |  2.1
Stealth        | |  0.3

Action                   |  1- 3 |  4- 6 |  7- 9 || total
-------------------------+-------+-------+-------++-------
Melee: Long sword        |   152 |   137 |  1000 ||  1289
Invok: Lesser Healing    |       |       |    47 ||    47
Evoke: Wand              |     1 |     2 |    15 ||    18
  Use: Scroll            |     2 |     1 |    12 ||    15
       Potion            |       |     5 |     5 ||    10
  Eat: Chunk             |     2 |     2 |    29 ||    33
       Royal jelly       |       |       |     1 ||     1
       Beef jerky        |       |       |     1 ||     1
Armor: Scale mail        |    29 |       |       ||    29
       Chain mail        |    37 |   115 |   112 ||   264
       Crystal plate arm |       |       |   481 ||   481
Dodge: Dodged            |    33 |    28 |   109 ||   170
Block: Shield            |    57 |    63 |   513 ||   633
       Rpst.: Long sword |    16 |     8 |    29 ||    53
